 Dungeon Crawl Stone Soup version 0.26.0-91-g99b343417d (webtiles) character file.

Game seed: 2781170029860635091

882 Descartes the Chiller (level 7, -10/38 HPs)
             Began as a Deep Elf Wanderer on Feb 3, 2021.
             Shot with an arrow by a centaur (14 damage)
             ... on level 5 of the Dungeon.
             The game lasted 00:15:53 (4083 turns).

Descartes the Chiller (Deep Elf Wanderer)           Turns: 4083, Time: 00:15:53

Health: -10/38     AC:  9    Str:  8    XL:     7   Next: 76%
Magic:  0/16       EV: 10    Int: 24    God:
Gold:   250        SH:  4    Dex: 16    Spells: 12/16 levels left

rFire    . . .     SeeInvis .   b - +0 rapier (venom)
rCold    . . .     Faith    .   (no shield)
rNeg     . . .     Spirit   +   f - +0 leather armour
rPois    .         Reflect  .   (helmet restricted)
rElec    .         Harm     .   (no cloak)
rCorr    .         Rampage  .   w - +0 pair of gloves
Will     .....                  s - +0 pair of boots
Stlth    +++.......             v - amulet of guardian spirit
HPRegen  0.12/turn              E - +4 ring of protection
MPRegen  0.15/turn              o - +6 ring of intelligence

@: no status effects
A: horns 1, large bone plates 1
a: no special abilities


You were on level 5 of the Dungeon.
You visited 1 branch of the dungeon, and saw 5 of its levels.
You also visited: Sewer.

You collected 250 gold pieces.

Inventory:

Hand Weapons
 a - a +4 shortbow
 b - a +0 rapier of venom (weapon)
 u - a +0 quarterstaff
 z - a +0 hunting sling
Missiles
 d - 184 stones (quivered)
 h - 22 arrows
 n - 33 sling bullets
 q - 35 bolts
Armour
 f - a +0 leather armour (worn)
 s - a +0 pair of boots (worn)
 w - a +0 pair of gloves (worn)
Jewellery
 l - an uncursed ring of resist corrosion
 o - a +6 ring of intelligence (right hand)
 r - a +6 ring of dexterity
 v - an amulet of guardian spirit (around neck)
 E - a +4 ring of protection (left hand)
Wands
 p - a wand of polymorph (5)
 C - a wand of random effects (20)
Scrolls
 c - 2 scrolls of amnesia
 g - 2 scrolls of remove curse
 j - a scroll of blinking {unknown}
 y - a scroll of fear {unknown}
 A - a scroll of teleportation {unknown}
 D - a scroll of enchant weapon
Potions
 i - 3 potions of invisibility {unknown}
 k - 2 potions of heal wounds {unknown}
 m - a potion of brilliance
 t - a potion of cancellation
 x - a potion of magic


   Skills:
 - Level 1.5 Fighting
 - Level 5.0 Bows
 + Level 4.3 Stealth
 - Level 5.0 Spellcasting
 + Level 5.8 Ice Magic
 - Level 3.2 Poison Magic
 + Level 3.7 Evocations


You had 12 spell levels left.
You knew the following spells:

 Your Spells              Type           Power        Failure   Level
a - Freeze                Ice            100%         1%          1
b - Frozen Ramparts       Ice            68%          3%          3

Your spell library contained the following spells:

 Spells                   Type           Power        Failure   Level
 Ozocubu's Armour         Ice            34%          3%          3


Dungeon Overview and Level Annotations

Branches:
Dungeon (5/15)              Sewer (visited)
 Temple: D:4-7

Altars:
Dithmenos
Fedhas
Okawaru
Sif Muna
The Shining One

Shops:
D:4 !


Innate Abilities, Weirdness & Mutations

You have a pair of small horns on your head.
You are partially covered in large bone plates. (SH +4)


Message History

The arrow hits you.
You hit the orc priest.
The orc priest looks as sick as possible!
The orc priest is almost dead.
You kill the orc priest!
The centaur shoots an arrow.
The arrow hits you.
The centaur shoots an arrow.
The arrow hits you!
* * * LOW HITPOINT WARNING * * *
You see here an arrow.
You feel better.
The centaur shoots an arrow.
The arrow hits you.
* * * LOW HITPOINT WARNING * * *
You block the orc's attack.
You are too injured to fight recklessly!
A worker ant zombie comes into view.
The bullfrog skeleton closely misses you.
The bullfrog skeleton hits you but does no damage.
The centaur shoots an arrow.
The arrow hits you!
* * * LOW HITPOINT WARNING * * *
The centaur shoots an arrow.
The arrow hits you!
You die...

.................#
........c........###
...............?....
...(.(......().(.(..
.........†.(.)(.....
..........w...(.....
......Z.Z......((((.
...(..#).o......((..
......#@##.......(((
#######..#....####..
#....#...#....# .(
#....'...+....#
#<######≈≈....# ###
#≈....# ≈## ≈§ ≈.#


You could see a centaur, a worm, an orc, a worker ant zombie and a bullfrog
skeleton.

Vanquished Creatures
  Eustachio (D:5)
  A water moccasin (Sewer)
  A centaur (D:4)
  A centaur skeleton (D:4)
  4 orc wizards
  4 orc priests
  Ijyb (D:3)
  2 worker ants
  A worker ant zombie (D:5)
  8 adders
  An ooze (D:2)
  3 adder zombies (D:5)
  An adder skeleton (D:4)
  A worm (D:3)
  2 dart slugs
  3 leopard geckos
  21 orcs
  8 bats
  5 giant cockroaches
  7 goblins
  10 hobgoblins
  9 jackals
  10 kobolds
  6 frilled lizards
  A jackal skeleton (D:4)
  A leopard gecko skeleton (D:4)
  A leopard gecko zombie (D:5)
  7 rats
121 creatures vanquished.

Notes
Turn   | Place    | Note
-------+----------+-------------------------------------------
     0 | D:1      | Descartes the Deep Elf Wanderer began the quest for the
                  | Orb.
     0 | D:1      | Descartes set off with the following items: a +2 shortbow,
                  | 27 arrows, a +0 robe; and the following spell memorised:
                  | Freeze; and the following spells available to memorise:
                  | Frozen Ramparts, Ozocubu's Armour
     0 | D:1      | Reached XP level 1. HP: 12/12 MP: 3/3
    96 | D:1      | Reached skill level 1 in Spellcasting
    98 | D:1      | Reached XP level 2. HP: 16/16 MP: 3/5
   695 | D:2      | Reached XP level 3. HP: 15/20 MP: 5/8
  1132 | D:2      | You fall into a shaft and drop 2 floors!
  1144 | D:4      | Reached XP level 4. HP: 25/25 MP: 10/10
  1285 | D:4      | Found a blossoming altar of Fedhas.
  1307 | D:4      | Noticed a centaur
  1416 | D:3      | Found a glowing drain.
  1432 | Sewer    | Entered a sewer
  1508 | Sewer    | Learned a level 3 spell: Frozen Ramparts
  1536 | Sewer    | Noticed a water moccasin
  1542 | Sewer    | Killed a water moccasin
  1543 | Sewer    | Reached XP level 5. HP: 23/29 MP: 7/13
  1954 | D:3      | Reached XP level 6. HP: 34/34 MP: 14/14
  2965 | D:2      | Found a shimmering blue altar of Sif Muna.
  3008 | D:2      | Found a glowing golden altar of the Shining One.
  3213 | D:2      | Found a shadowy altar of Dithmenos.
  3342 | D:4      | Noticed Ijyb
  3364 | D:3      | Killed Ijyb
  3365 | D:3      | Reached skill level 5 in Spellcasting
  3488 | D:4      | Found Taymod's Distillery.
  3504 | D:4      | Reached skill level 5 in Ice Magic
  3542 | D:4      | Gained mutation: You have a pair of small horns on your
                  | head. [potion of mutation]
  3542 | D:4      | Gained mutation: You are partially covered in large bone
                  | plates. (SH +4) [potion of mutation]
  3548 | D:4      | Found an iron altar of Okawaru.
  3557 | D:4      | Reached XP level 7. HP: 28/38 MP: 5/16
  3935 | D:5      | Entered Level 5 of the Dungeon
  3961 | D:5      | Reached skill level 5 in Bows
  3985 | D:5      | Noticed Eustachio
  4013 | D:5      | Killed Eustachio
  4083 | D:5      | Shot with an arrow by a centaur

Illustrated notes

Levels and vault maps discovered:
D:1:      psy_arrival_fountain, layout_rooms
D:2:      layout_basic, nicolae_tso_swordbearing_angel, marbit_many_paths,
          lemuel_doored_altar
D:3:      layout_loops_ring, cheibrodos_sewer_entry_bend,
          kennysheep_generic_room_5
D:4:      layout_cave_pools, okawaru_metal_pillars_1_2,
          fedhas_bush_and_centaur_altar, serial_shops, nicolae_shop_stone,
          uniq_ijyb
D:5:      layout_gridville, grunt_temple_overflow_cloverleaf,
          lightli_temple_of_fire, minmay_temple_entry_hall, serial_undead,
          serial_undead_c, serial_undead_c, serial_undead_c, serial_undead_b,
          serial_undead_c, serial_undead_a, uniq_eustachio

Skill      XL: |  1  2  3  4  5  6  7 |
---------------+----------------------+-----
Spellcasting   | 1 2 3 4 5 |  5.0
Bows           | 2 3 4 5 |  5.0
Ice Magic      | 3 4 5 |  5.8
Stealth        | 2 4 |  4.3
Evocations     | 2 3 |  3.7
Fighting       | |  1.5
Poison Magic   | |  3.2

Action                   |  1- 3 |  4- 6 |  7- 9 || total
-------------------------+-------+-------+-------++-------
Melee: Dagger            |       |    16 |    21 ||    37
       Rapier            |       |       |     4 ||     4
       Headbutt          |       |       |     2 ||     2
 Fire: Shortbow          |    67 |   117 |    55 ||   239
 Cast: Freeze            |    17 |    35 |     6 ||    58
       Frozen Ramparts   |       |     4 |       ||     4
  Use: Scroll            |       |    10 |       ||    10
       Potion            |       |     4 |     1 ||     5
Armor: Robe              |     1 |       |       ||     1
       Leather armour    |     5 |    33 |    21 ||    59
Dodge: Dodged            |     9 |    34 |    37 ||    80
Block: Other             |       |     2 |     9 ||    11
